 Dungeon Crawl Stone Soup version 0.20-a0-1018-ge435b50 (webtiles) character file.

5 Gorglomux the Charmwright (level 1, 0/11 HPs)
             Began as a Vine Stalker Skald on Apr 17, 2017.
             Slain by a jackal (1 damage)
             ... on level 1 of the Dungeon.
             The game lasted 00:00:35 (44 turns).

Gorglomux the Charmwright (Vine Stalker Skald)        Turns: 44, Time: 00:00:35

Health: 0/11       AC:  3    Str: 13    XL:     1   Next: 80%
Magic:  0/4        EV: 11    Int: 13    God:
Gold:   0          SH:  0    Dex: 13    Spells: 3/4 levels left

rFire    . . .     SeeInvis .   a - +0 falchion
rCold    . . .     Gourm    .   (no shield)
rNeg     . . .     Faith    .   b - +0 leather armour
rPois    .         Spirit   +   (no helmet)
rElec    .         Reflect  .   (no cloak)
rCorr    .         Harm     .   (no gloves)
MR       .....                  (no boots)
Stlth    +.........             (no amulet)
Regen    0.1/turn               (no ring)
MPRegen  0.1/turn               (no ring)

@: no status effects
A: fangs 2, magic shield, antimagic bite, no potion heal 3, rot immunity
a: no special abilities


You were on level 1 of the Dungeon.
You were not hungry.

You visited 1 branch of the dungeon, and saw 1 of its levels.

Inventory:

Hand Weapons
 a - a +0 falchion (weapon)
Armour
 b - a +0 leather armour (worn)
Books
 c - a book of Battle
Comestibles
 d - a bread ration {@e1@e1}


   Skills:
 - Level 1.7 Fighting
 + Level 2.2 Long Blades
 - Level 0.7 Armour
 - Level 1.5 Dodging
 - Level 2.1 Spellcasting
 - Level 3.0 Charms


You had 3 spell levels left.
You knew the following spells:

 Your Spells              Type           Power        Failure   Level  Hunger
a - Infusion              Chrm           #...         12%         1    ##.....


Dungeon Overview and Level Annotations

Branches:
Dungeon (1/15)

Altars:


Innate Abilities, Weirdness & Mutations

You have extremely sharp teeth.
When hurt, damage is shared between your health and your magic reserves.
Your bite disrupts and absorbs the magic of your enemies.
Potions cannot restore your health.
You are immune to rotting.


Message History

Welcome, Gorglomux the Vine Stalker Skald.
Will you prevail where others failed? Will you find the Orb of Zot?
Found a staircase leading out of the dungeon.
As you open the large door, it creaks loudly!
There is a large open door here.
Found an escape hatch in the floor.
A hobgoblin comes into view. It is wielding a club.
A hobgoblin is nearby!
A giant cockroach comes into view.
The hobgoblin shouts!
You begin infusing your attacks with magical energy.
You now have 3/4 mp.
A jackal comes into view.
You swing at nothing.
The jackal barks!
You hit the hobgoblin.
The hobgoblin hits you but does no damage. 2 jackals come into view.
You now have 2/4 mp.
The jackal moves out of view.
The jackal barks!
You hit the hobgoblin.
You kill the hobgoblin!
You closely miss the giant cockroach. Your bite misses the giant cockroach.
The giant cockroach bites you but does no damage.
You hit the giant cockroach.
The giant cockroach bites you but does no damage.
The giant cockroach barely misses you.
You closely miss the giant cockroach. Your bite misses the giant cockroach.
The giant cockroach closely misses you.
Your leather armour prevents you from hitting the giant cockroach.
The giant cockroach bites you but does no damage.
You hit the giant cockroach.
The giant cockroach bites you but does no damage.
The giant cockroach misses you.
A hobgoblin comes into view. It is wielding a club.
You now have 2/4 mp.
The hobgoblin shouts!
You hit the giant cockroach.
You kill the giant cockroach!
Your Long Blades skill increases to level 2!
You now have 1/4 mp.
You closely miss the jackal. The jackal barely misses you.
You riposte.
You hit the jackal. Your bite misses the jackal.
You now have 0/4 mp.
You closely miss the jackal. Your bite misses the jackal.
The jackal barely misses you.
The jackal bites you but does no damage.
You barely miss the jackal.
Your magical infusion is running out.
The jackal closely misses you.
You closely miss the jackal. The jackal misses you. The jackal bites you.
You take 1 damage, and have 10/11 hp.
You barely miss the jackal. Your bite misses the jackal.
The jackal barely misses you.
You riposte.
You hit the jackal.
You kill the jackal!
The hobgoblin hits you with a club.
You take 1 damage, and have 9/11 hp.
You closely miss the hobgoblin. Your bite misses the hobgoblin.
The hobgoblin hits you with a club.
You take 3 damage, and have 6/11 hp.
MASSIVE DAMAGE!!
You are no longer magically infusing your attacks.
There is a large open door here.
You swing at nothing.
You hit the hobgoblin.
You bite the hobgoblin, but do no damage.
The hobgoblin misses you. The hobgoblin hits you with a club.
You take 1 damage, and have 5/11 hp.
You hit the hobgoblin.
You kill the hobgoblin!
The jackal closely misses you. The jackal bites you.
* * * LOW HITPOINT WARNING * * *
The jackal closely misses you.
You take 2 damage, and have 3/11 hp.
You now have 0/4 mp.
You barely miss the jackal. Your bite misses the jackal. The jackal misses you.
The jackal bites you.
* * * LOW HITPOINT WARNING * * *
The jackal bites you but does no damage.
You take 2 damage, and have 1/11 hp.
The jackal closely misses you.
There is a staircase leading out of the dungeon here.
Are you sure you want to leave the Dungeon?
This will make you lose the game! The jackal bites you.
You die...

♣#.♣#
♣###♣.♣.♣♣##
♣...h.......♣
♣...........#
♣..#######..♣
#♣♣..#.P...#..♣
♣....)...P.#
..♣
#.#..'hh...# ♣.
♣....#P@..P#
#♣♣..#.....#
#..####### #...
#... ###♣


You could see 2 jackals.

Vanquished Creatures
  A giant cockroach (D:1)
  2 hobgoblins (D:1)
  A jackal (D:1)
4 creatures vanquished.

Notes
Turn   | Place    | Note
-------+----------+-------------------------------------------
     0 | D:1      | Gorglomux the Vine Stalker Skald began the quest for the Orb.
     0 | D:1      | Reached XP level 1. HP: 11/11 MP: 4/4
    24 | D:1      | Reached skill level 2 in Long Blades
    42 | D:1      | HP: 1/11 [jackal (2)]
    44 | D:1      | Slain by a jackal

Vault maps used:
D:1:      saegor_arrival_under_anarchy

Skill      XL: |  1 |
---------------+----+-----
Long Blades    | 2 |  2.2
Fighting       | |  1.7
Armour         | |  0.7
Dodging        | |  1.5
Spellcasting   | |  2.1
Charms         | |  3.0

Action                   || total
-------------------------++-------
Melee: Falchion          ||    17
       Bite              ||     1
 Cast: Infusion          ||     1
Armor: Leather armour    ||     7
Dodge: Dodged            ||    13
       Rpst.: Falchion   ||     2

Vault maps used:
D:1:      saegor_arrival_under_anarchy

Table legend:
 A = Turns spent in this place as a percentage of turns spent in the entire game.
 B = Non-inter-level travel turns spent in this place as a percentage of non-inter-level travel turns spent in the entire game.
 C = Inter-level travel turns spent in this place as a percentage of turns spent in this place.
 D = Turns resting spent in this place as a percentage of non-inter-level travel turns spent in this place.
 E = Turns spent auto-exploring this place as a percentage of non-inter-level travel turns spent in this place.
 F = Non-inter-level travel turns spent in this place divided by the number of levels of this place that you've seen.
                   A       B       C       D       E      F
               +-------+-------+-------+-------+-------+----------------------
         Total | 100.0 | 100.0 |   0.0 |   0.0 |   5.1 |  39.0
       Dungeon | 100.0 | 100.0 |   0.0 |   0.0 |   5.1 |  39.0
               +-------+-------+-------+-------+-------+----------------------

Table legend:
 A = Kills in this place as a percentage of kills in entire the game.
 B = Kills by you in this place as a percentage of kills by you in the entire game.
 C = Kills by friends in this place as a percentage of kills by friends in the entire game.
 D = Other kills in this place as a percentage of other kills in the entire game.
 E = Experience gained in this place as a percentage of experience gained in the entire game.
 F = Experience gained in this place divided by the number of levels of this place that you have seen.
                   A       B       C       D       E      F
               +-------+-------+-------+-------+-------+----------------------
         Total | 100.0 | 100.0 |  -nan |  -nan | 100.0 |   8.0
       Dungeon | 100.0 | 100.0 |  -nan |  -nan | 100.0 |   8.0
               +-------+-------+-------+-------+-------+----------------------
